Map: Acropolis LE

Players

Woah

  • Race: Terran Terran
  • Spawn Location: 11:00

Woody - Winner!

  • Race: Protoss Protoss
  • Spawn Location: 5:00

VOD

Have the link to the VOD?

Description

Time

  • Played on: June 11, 2019, 6:33 p.m.
  • Length: 14:20
Show
View Real Time Build Order
Export as new Build Order

Woah Terran 

Build Orders: Reaper Expand 

Get SALT Encoding   

  12  0:01  SCV  
  13  0:14  SCV  
  13  0:19  Supply Depot  
  14  0:27  SCV  
  15  0:42  Barracks  
  15  0:44  SCV, Refinery  
  16  0:56  SCV  
  17  1:08  SCV  
  18  1:28  Orbital Command  
  18  1:29  Reaper  
  19  1:46  Command Center  
  19  1:58  Barracks  
  19  1:59  SCV  
  20  2:14  Barracks Reactor  
  20  2:16  Barracks  
  20  2:21  SCV  
  21  2:30  Supply Depot  
  21  2:36  Refinery  
  21  2:37  SCV  
  22  2:46  Factory  
  22  2:50  SCV  
  23  2:55  Marine, Barracks Tech Lab  
  24  3:06  Orbital Command  
  24  3:14  Bunker  
  24  3:18  Barracks Tech Lab  
  24  3:20  SCV  
  25  3:27  Marine  
  25  3:30  Marine  
  25  3:33  SCV  
  28  3:37  SCV  
  29  3:46  Engineering Bay  
  29  3:49  SCV  
  29  3:55  SCV  
  31  4:00  Factory Tech Lab  
  31  4:01  Starport, Stimpack  
  31  4:05  Marauder  
  35  4:10  Marauder  
  35  4:18  SCV  
  35  4:21  Terran Infantry Weapons Level 1  
  35  4:22  Supply Depot  
  36  4:24  Marine x2  
  36  4:26  SCV  
  36  4:30  Combat Shield  
  39  4:47  SCV x2  
  39  4:48  Refinery  
  39  4:50  Supply Depot  
  39  4:52  Refinery  
  41  4:59  SCV x2  
  43  5:04  Raven  
  43  5:06  Barracks  
  45  5:11  SCV  
  45  5:13  Barracks  
  46  5:16  SCV  
  47  5:27  Factory Reactor  
  47  5:29  SCV  
  47  5:30  SCV  
  49  5:36  Marine  
  49  5:37  Marine  
  49  5:38  Marauder x2  
  49  5:41  SCV  
  49  5:42  SCV  
  57  5:58  SCV  
  57  5:59  SCV  
  57  6:01  Marauder, Marine  
  62  6:10  Concussive Shells  
  62  6:12  Barracks Reactor  
  62  6:15  Command Center  
  62  6:16  Terran Infantry Armor Level 1, Supply Depot  
  62  6:17  Marine  
  62  6:18  Marauder  
  65  6:26  Missile Turret  
  65  6:27  Missile Turret  
  65  6:30  Liberator x2  
  65  6:37  Factory Tech Lab  
  65  6:49  Factory Tech Lab  
  71  6:58  Missile Turret  
  71  7:11  SCV x2  
  71  7:13  Marauder x2, Marine  
  78  7:18  Supply Depot  
  78  7:26  Armory, SCV, Marine x3  
  78  7:27  Marauder  
  84  7:30  Medivac  
  84  7:35  Medivac  
  88  7:39  Supply Depot  
  88  7:53  Marauder x2, Marine x2  
  84  8:29  Marine x2  
  84  8:30  Marine  
  84  8:39  Medivac x2  
  84  8:40  Marine x4  
  92  8:47  Marine x3  
  92  8:57  Marine  
  92  9:02  Liberator x2  
  70  9:21  Marauder x3, Marine x4  
  70  9:23  SCV x2  
  88  9:26  Orbital Command  
  88  9:35  SCV  
  89  9:39  Marine x4  
  89  9:42  Marauder  
  95  9:54  Terran Infantry Weapons Level 2  
  95  9:55  Fusion Core, Engineering Bay  
  95  9:56  Starport  
  86  10:26  Liberator  
  86  10:27  Liberator  
  85  10:55  Marine x7  
  90  10:57  SCV  
  90  10:58  SCV x2  
  90  11:01  Terran Infantry Armor Level 2  
  93  11:10  SCV x3  
  86  11:12  Marine  
  86  11:13  Marine x3  
  90  11:20  Marine x3  
  90  11:22  SCV x3  
  96  11:27  Starport Tech Lab  
  96  11:29  Starport  
  96  11:30  Marine  
  96  11:31  Marine x3  
  100  11:34  SCV x3  
  100  11:36  Supply Depot  
  100  11:38  Marine x3  
  106  11:42  Refinery  
  106  11:44  Refinery  
  106  11:46  SCV  
  107  11:48  Marine  
  107  11:49  Marine  
  109  11:57  Marine x2  
  109  11:59  Supply Depot  
  111  12:06  Liberator x3  
  111  12:07  Liberator  
  84  12:46  Marauder x3, Marine x2  
  84  12:47  Marine x2  
  84  12:49  Liberator x2  
  94  12:57  SCV  
  94  12:58  SCV x2  
  97  13:03  Command Center  
  97  13:04  Barracks, Marine x4  
  97  13:05  Barracks  
  101  13:07  Marine x2  
  101  13:10  SCV x2  
  111  13:13  Marine  
  110  13:21  Marine  
  110  13:22  Marine x3  
  62  13:41  Marauder x2, Marine  
  62  13:42  Marauder  
  62  13:44  Marine  
  53  13:49  Marine  
Show
View Real Time Build Order
Export as new Build Order

Woody Protoss - Winner!

Build Orders: Oracle Opening 

Get SALT Encoding   

  12  0:01  Probe  
  13  0:13  Probe  
  14  0:18  Pylon  
  14  0:25  Probe  
  15  0:36  Probe  
  15  0:38  Gateway  
  16  0:44  Probe  
  17  0:52  Assimilator  
  17  0:54  Probe  
  18  1:06  Probe  
  19  1:18  Probe  
  20  1:30  Cybernetics Core, Probe, Assimilator  
  21  1:42  Probe  
  22  1:54  Probe  
  22  1:58  Pylon  
  23  2:02  Nexus  
  23  2:09  Warp Gate, Adept  
  25  2:22  Probe  
  25  2:39  Adept  
  25  2:40  Stargate  
  25  2:42  Probe  
  28  3:02  Gateway  
  28  3:04  Probe  
  28  3:05  Pylon  
  29  3:14  Probe  
  29  3:16  Oracle, Probe  
  31  3:22  Probe  
  31  3:24  Probe  
  35  3:30  Probe  
  35  3:33  Probe  
  38  3:43  Probe  
  38  3:45  Probe  
  40  3:55  Probe  
  41  3:58  Probe, Adept x2  
  41  3:59  Oracle  
  49  4:07  Probe  
  50  4:10  Probe  
  50  4:13  Pylon  
  51  4:17  Pylon  
  51  4:19  Probe  
  50  4:28  Pylon  
  50  4:29  Gateway  
  50  4:33  Probe  
  50  4:34  Probe  
  50  4:37  Assimilator  
  52  4:38  Twilight Council  
  52  4:39  Assimilator  
  52  4:46  Probe x2  
  52  4:50  Pylon  
  52  4:52  Robotics Facility  
  54  4:58  Sentry, Probe x2  
  54  4:59  Sentry  
  60  5:10  Probe x2, Resonating Glaives  
  62  5:19  Gateway  
  62  5:21  Gateway  
  62  5:22  Gateway  
  62  5:35  Pylon  
  62  5:42  Observer, Forge  
  63  5:43  Forge  
  63  5:44  Adept x3  
  69  6:00  Shield Battery  
  69  6:06  Adept x3  
  75  6:11  Robotics Bay  
  75  6:25  Zealot  
  75  6:26  Zealot x4  
  75  6:28  Protoss Ground Weapons Level 1  
  75  6:30  Protoss Ground Armor Level 1  
  85  6:54  Pylon  
  85  6:58  Pylon  
  85  7:01  Immortal  
  84  7:14  Adept x6  
  94  7:20  Pylon  
  94  7:25  Shield Battery  
  94  7:27  Shield Battery  
  94  7:31  Immortal  
  94  7:36  Gateway  
  94  7:37  Oracle  
  97  7:38  Gateway  
  101  7:44  Stalker  
  101  7:45  Stalker x2  
  101  7:46  Stalker  
  109  7:52  Pylon  
  109  8:02  Photon Cannon  
  109  8:03  Photon Cannon  
  109  8:19  Pylon  
  109  8:22  Pylon  
  109  8:26  Stalker  
  109  8:27  Stalker x5  
  95  8:41  Colossus  
  91  9:01  Blink  
  79  9:04  Stalker x4  
  79  9:05  Stalker x2  
  79  9:26  Extended Thermal Lance  
  79  9:30  Protoss Ground Weapons Level 2  
  79  9:36  Nexus  
  79  9:37  Protoss Ground Armor Level 2  
  79  9:48  Sentry  
  79  9:50  Sentry  
  79  9:51  Colossus  
  83  9:54  Pylon  
  89  10:01  Pylon  
  89  10:09  Adept x2  
  84  10:39  Stalker x3  
  84  10:40  Stalker x3  
  94  10:56  Colossus  
  100  11:25  Gateway  
  100  11:29  Nexus  
  100  11:32  Pylon  
  100  11:40  Stalker x3  
  100  11:41  Stalker x3  
  112  12:06  Stalker  
  112  12:07  Stalker x4  
  116  12:30  Stalker x2  
  116  12:31  Stalker x2  
  122  12:40  Probe x2  
  121  12:48  Sentry x3  
  127  12:55  Observer  
  128  13:03  Stalker x2  
  128  13:44  Stalker x5  
  128  13:45  Stalker x2  
Tags
 
Add a new tag
Caveats
  • Supply blocks, unpowered buildings, or Contaminate may cause inaccurate times.
  • Supply counts are checked every 10 seconds.